TOP OF THE 1ST |
Jasper Cougars batting - Pitching for Seattle Rainiers : RHP Ben Cobb
|
Pitching: RHP Ben Cobb
|
|
Batting: RHB Greg King
|
0-0: Ball 1-0: Called Strike 1-1: DOUBLE (Flyball, 7LM)
|
Batting: RHB Dan Hooper
|
0-0: Ball 1-0: Foul Ball, location: 2F 1-1: Ground out 1-4-3 (Groundball, 15S) Greg King to third
|
Batting: SHB Ron Edwards
|
0-0: Called Strike 0-1: Ball 1-1: DOUBLE (Flyball, 9D) Greg King scores
|
Batting: RHB Manuel Pérez
|
0-0: Ball 1-0: Foul Ball, location: 2F 1-1: Ball Wild Pitch! Ron Edwards to third 2-1: Called Strike 2-2: SINGLE (Line Drive, 89S) Ron Edwards scores
|
Batting: SHB Martín Cruz
|
0-0: Ball 1-0: Called Strike 1-1: Foul Ball, location: 2F 1-2: SINGLE (Groundball, 56D) (infield hit) Manuel Pérez to second
|
Batting: LHB Pepe Vázquez
|
0-0: Foul Ball, location: 2F 0-1: 3-RUN HOME RUN (Flyball, 8RXD), Distance : 446 ft
|
Batting: LHB Jon Scott
|
0-0: Ball 1-0: Called Strike 1-1: SOLO HOME RUN (Flyball, 9LD), Distance : 349 ft
|
Batting: RHB José Ortega
|
0-0: Called Strike 0-1: Called Strike 0-2: Foul Ball, location: 2F 0-2: Ball 1-2: Foul Ball, location: 2F 1-2: Foul Ball, location: 2F 1-2: Foul Ball, location: 2F 1-2: Foul Ball, location: 2F 1-2: Ball 2-2: Foul Ball, location: 2F 2-2: Ball 3-2: Strikes out swinging
|
Batting: RHB Joe Baker
|
0-0: Called Strike 0-1: Swinging Strike 0-2: Strikes out swinging
|
Top of the 1st over - 6 run(s), 6 hit(s), 0 error(s), 0 left on base; Jasper 6 - Seattle 0 |
BOTTOM OF THE 1ST |
Seattle Rainiers batting - Pitching for Jasper Cougars : LHP Millard Curtis
|
Pitching: LHP Millard Curtis
|
|
Batting: SHB Francisco Lópes
|
0-0: Swinging Strike 0-1: Ground out U3 (Groundball, 3L)
|
Batting: RHB Elpidio Martinho
|
0-0: Ball 1-0: Foul Ball, location: 2F 1-1: Ball 2-1: Swinging Strike 2-2: Reached on error, E6 (Groundball, 6M)
|
Batting: RHB Chris Parker
|
0-0: Called Strike 0-1: Called Strike 0-2: Strikes out swinging
|
Batting: SHB Glenn Vadnais
|
0-0: Ball Elpidio Martinho is caught stealing 2nd base
|
Bottom of the 1st over - 0 run(s), 0 hit(s), 1 error(s), 0 left on base; Jasper 6 - Seattle 0 |
TOP OF THE 2ND |
Jasper Cougars batting - Pitching for Seattle Rainiers : RHP Ben Cobb
|
Batting: RHB Greg King
|
0-0: Ball 1-0: Ground out 3-1 (Groundball, 34)
|
Batting: RHB Dan Hooper
|
0-0: Ball 1-0: Ball 2-0: Called Strike 2-1: Foul Ball, location: 2F 2-2: Ball 3-2: Foul Ball, location: 2F 3-2: SINGLE (Line Drive, 9LS)
|
Batting: SHB Ron Edwards
|
0-0: Hit by Pitch Dan Hooper to second
|
Batting: RHB Manuel Pérez
|
0-0: Ball 1-0: Foul Ball, location: 2F 1-1: Ball 2-1: Called Strike 2-2: Ball 3-2: Grounds into double play, 6-4-3 (Groundball, 6)
|
Top of the 2nd over - 0 run(s), 1 hit(s), 0 error(s), 1 left on base; Jasper 6 - Seattle 0 |
BOTTOM OF THE 2ND |
Seattle Rainiers batting - Pitching for Jasper Cougars : LHP Millard Curtis
|
Batting: SHB Glenn Vadnais
|
0-0: Ball 1-0: Ground out 5-3 (Groundball, 56)
|
Batting: LHB Norbert Mosley
|
0-0: Called Strike 0-1: Swinging Strike 0-2: Ball 1-2: Foul Ball, location: 2F 1-2: Ball 2-2: Ball 3-2: Foul Ball, location: 2F 3-2: Ground out 5-3 (Groundball, 5L)
|
Batting: SHB Nick Cox
|
0-0: Called Strike 0-1: Called Strike 0-2: Ball 1-2: Ball 2-2: Foul Ball, location: 2F 2-2: Ball 3-2: Ground out 6-3 (Groundball, 6)
|
Bottom of the 2nd over - 0 run(s), 0 hit(s), 0 error(s), 0 left on base; Jasper 6 - Seattle 0 |
TOP OF THE 3RD |
Jasper Cougars batting - Pitching for Seattle Rainiers : RHP Ben Cobb
|
Batting: SHB Martín Cruz
|
0-0: Ball 1-0: Called Strike 1-1: Swinging Strike 1-2: Ball 2-2: Strikes out swinging
|
Batting: LHB Pepe Vázquez
|
0-0: Called Strike 0-1: Swinging Strike 0-2: Ball 1-2: Strikes out swinging
|
Batting: LHB Jon Scott
|
0-0: Ball 1-0: Swinging Strike 1-1: Foul Ball, location: 2F 1-2: Ball 2-2: Strikes out swinging
|
Top of the 3rd over - 0 run(s), 0 hit(s), 0 error(s), 0 left on base; Jasper 6 - Seattle 0 |
BOTTOM OF THE 3RD |
Seattle Rainiers batting - Pitching for Jasper Cougars : LHP Millard Curtis
|
Batting: RHB Jeremy Carr
|
0-0: Ball 1-0: Foul Ball, location: 2F 1-1: Called Strike 1-2: Strikes out swinging
|
Batting: RHB John Hill
|
0-0: Ground out 6-3 (Groundball, 6)
|
Batting: LHB Alan Moore
|
0-0: Ground out U3 (Groundball, 3L)
|
Bottom of the 3rd over - 0 run(s), 0 hit(s), 0 error(s), 0 left on base; Jasper 6 - Seattle 0 |
TOP OF THE 4TH |
Jasper Cougars batting - Pitching for Seattle Rainiers : RHP Ben Cobb
|
Batting: RHB José Ortega
|
0-0: Ground out 4-3 (Groundball, 4)
|
Batting: RHB Joe Baker
|
0-0: Ball 1-0: Ground out 6-3 (Groundball, 6M)
|
Batting: RHB Greg King
|
0-0: Ball 1-0: Ball 2-0: Foul Ball, location: 2F 2-1: Fly out, F9 (Flyball, 89M)
|
Top of the 4th over - 0 run(s), 0 hit(s), 0 error(s), 0 left on base; Jasper 6 - Seattle 0 |
BOTTOM OF THE 4TH |
Seattle Rainiers batting - Pitching for Jasper Cougars : LHP Millard Curtis
|
Batting: SHB Francisco Lópes
|
0-0: Foul Ball, location: 2F 0-1: Swinging Strike 0-2: Ball 1-2: Strikes out swinging
|
Batting: RHB Elpidio Martinho
|
0-0: SINGLE (Line Drive, 9LS)
|
Batting: RHB Chris Parker
|
0-0: Called Strike 0-1: Swinging Strike 0-2: Ball Elpidio Martinho steals 2nd base 1-2: Ball 2-2: Ground out 5-3 (Groundball, 5S) Elpidio Martinho to third
|
Batting: SHB Glenn Vadnais
|
0-0: Ball Wild Pitch! Elpidio Martinho scores 1-0: Foul Ball, location: 2F 1-1: Foul Ball, location: 2F 1-2: SOLO HOME RUN (Flyball, 7LD), Distance : 379 ft
|
Batting: LHB Norbert Mosley
|
0-0: Swinging Strike 0-1: Ball 1-1: Called Strike 1-2: Fly out, F7 (Flyball, 7M)
|
Bottom of the 4th over - 2 run(s), 2 hit(s), 0 error(s), 0 left on base; Jasper 6 - Seattle 2 |
TOP OF THE 5TH |
Jasper Cougars batting - Pitching for Seattle Rainiers : RHP Ben Cobb
|
Batting: RHB Dan Hooper
|
0-0: Called Strike 0-1: Ball 1-1: Foul Ball, location: 2F 1-2: Ball 2-2: Ball 3-2: Base on Balls
|
Batting: SHB Ron Edwards
|
0-0: Ball 1-0: Ball 2-0: Fly out, F7 (Flyball, 78M)
|
Batting: RHB Manuel Pérez
|
0-0: Called Strike 0-1: Ball 1-1: SINGLE (Flyball, 3D) Dan Hooper to second Runner from 2nd tries for 3rd, SAFE, no throw or cutoff
|
Pitching: RHP Leo MacIntosh
|
|
Batting: SHB Martín Cruz
|
0-0: Called Strike 0-1: Ball 1-1: Ball 2-1: Ball 3-1: Base on Balls Manuel Pérez to second
|
Batting: LHB Pepe Vázquez
|
0-0: Called Strike 0-1: Ball 1-1: Grounds into double play, U3-6 (Groundball, 3L)
|
Top of the 5th over - 0 run(s), 1 hit(s), 0 error(s), 2 left on base; Jasper 6 - Seattle 2 |
BOTTOM OF THE 5TH |
Seattle Rainiers batting - Pitching for Jasper Cougars : LHP Millard Curtis
|
Batting: SHB Nick Cox
|
0-0: Called Strike 0-1: Swinging Strike 0-2: Ball 1-2: Foul Ball, location: 2F 1-2: Strikes out looking
|
Batting: RHB Jeremy Carr
|
0-0: Ball 1-0: Called Strike 1-1: SOLO HOME RUN (Flyball, 78XD), Distance : 408 ft
|
Batting: RHB John Hill
|
0-0: Foul Ball, location: 2F 0-1: Foul Ball, location: 2F 0-2: Foul Ball, location: 2F 0-2: Ball 1-2: Fly out, F4 (Popup, 4D)
|
Batting: LHB Alan Moore
|
0-0: Ball 1-0: Called Strike 1-1: Fly out, F7 (Flyball, 7M)
|
Bottom of the 5th over - 1 run(s), 1 hit(s), 0 error(s), 0 left on base; Jasper 6 - Seattle 3 |
TOP OF THE 6TH |
Jasper Cougars batting - Pitching for Seattle Rainiers : RHP Leo MacIntosh
|
Batting: LHB Jon Scott
|
0-0: Called Strike 0-1: Foul Ball, location: 2F 0-2: Ball 1-2: Strikes out swinging
|
Batting: RHB José Ortega
|
0-0: Ball 1-0: Swinging Strike 1-1: Called Strike 1-2: Ball 2-2: Foul Ball, location: 2F 2-2: Strikes out looking
|
Batting: RHB Joe Baker
|
0-0: Foul Ball, location: 2F 0-1: Ball 1-1: Ball 2-1: Ball 3-1: Base on Balls
|
Batting: RHB Greg King
|
0-0: Ball Pickoff Throw to First - Out!
|
Top of the 6th over - 0 run(s), 0 hit(s), 0 error(s), 0 left on base; Jasper 6 - Seattle 3 |
BOTTOM OF THE 6TH |
Seattle Rainiers batting - Pitching for Jasper Cougars : LHP Millard Curtis
|
Batting: SHB Francisco Lópes
|
0-0: Ball 1-0: Fly out, F9 (Flyball, 89M)
|
Batting: RHB Elpidio Martinho
|
0-0: Called Strike 0-1: SINGLE (Groundball, 6MD) (infield hit)
|
Batting: RHB Chris Parker
|
0-0: Ball Elpidio Martinho is caught stealing 2nd base 1-0: Called Strike 1-1: Ball 2-1: Called Strike 2-2: Ball 3-2: Strikes out swinging
|
Bottom of the 6th over - 0 run(s), 1 hit(s), 0 error(s), 0 left on base; Jasper 6 - Seattle 3 |
TOP OF THE 7TH |
Jasper Cougars batting - Pitching for Seattle Rainiers : RHP Leo MacIntosh
|
Batting: RHB Greg King
|
0-0: Ball 1-0: SINGLE (Groundball, 56D)
|
Batting: RHB Dan Hooper
|
0-0: Bunt missed! 0-1: Bunted foul 0-2: Ball 1-2: Strikes out looking Greg King steals 2nd base Batter strikes out.
|
Batting: SHB Ron Edwards
|
0-0: Intentional Walk
|
Pitching: RHP César Rodríguez
|
|
Batting: RHB Manuel Pérez
|
0-0: Ball 1-0: Foul Ball, location: 2F 1-1: Called Strike 1-2: Foul Ball, location: 2F 1-2: Ball 2-2: Strikes out swinging
|
Batting: SHB Martín Cruz
|
0-0: Swinging Strike 0-1: Foul Ball, location: 2F 0-2: Ball 1-2: Foul Ball, location: 2F 1-2: Ball 2-2: Fly out, F8 (Flyball, 8RM)
|
Top of the 7th over - 0 run(s), 1 hit(s), 0 error(s), 2 left on base; Jasper 6 - Seattle 3 |
BOTTOM OF THE 7TH |
Seattle Rainiers batting - Pitching for Jasper Cougars : LHP Millard Curtis
|
Batting: SHB Glenn Vadnais
|
0-0: Called Strike 0-1: Ground out 6-3 (Groundball, 6)
|
Batting: LHB Norbert Mosley
|
0-0: Ball 1-0: Called Strike 1-1: Ball 2-1: SINGLE (Line Drive, 6M)
|
Batting: SHB Nick Cox
|
0-0: Grounds into double play, 4-6-3 (Groundball, 4)
|
Bottom of the 7th over - 0 run(s), 1 hit(s), 0 error(s), 0 left on base; Jasper 6 - Seattle 3 |
TOP OF THE 8TH |
Jasper Cougars batting - Pitching for Seattle Rainiers : RHP César Rodríguez
|
Batting: LHB Pepe Vázquez
|
0-0: Foul Ball, location: 2F 0-1: Ball 1-1: Ball 2-1: Ball 3-1: Fly out, F9 (Flyball, 9M)
|
Batting: LHB Jon Scott
|
0-0: Ball 1-0: Ball 2-0: Swinging Strike 2-1: SINGLE (Line Drive, 6M)
|
Batting: RHB José Ortega
|
0-0: Called Strike 0-1: Ball 1-1: Swinging Strike 1-2: Ball 2-2: Grounds into double play, 4-6-3 (Groundball, 4)
|
Top of the 8th over - 0 run(s), 1 hit(s), 0 error(s), 0 left on base; Jasper 6 - Seattle 3 |
BOTTOM OF THE 8TH |
Seattle Rainiers batting - Pitching for Jasper Cougars : LHP Millard Curtis
|
Pitching: RHP Steve Snyder
|
|
Batting: RHB Jeremy Carr
|
0-0: Called Strike 0-1: Foul Ball, location: 2F 0-2: Ball 1-2: Strikes out swinging
|
Batting: RHB John Hill
|
0-0: Ball 1-0: Called Strike 1-1: SINGLE (Groundball, 34D)
|
Pitching: LHP Javier Galeas
|
|
Batting: LHB Alan Moore
|
0-0: Ball 1-0: Ball 2-0: Ball 3-0: Called Strike 3-1: Called Strike 3-2: Base on Balls John Hill to second
|
Pitching: RHP José Orozco
|
|
Batting: SHB Francisco Lópes
|
0-0: SINGLE (Line Drive, 4D) John Hill to third Alan Moore to second
|
Pinch Hitting: LHB Brian Boone
|
0-0: Called Strike 0-1: Ball 1-1: Ball 2-1: Ball 3-1: SINGLE (Line Drive, 89S) John Hill scores Alan Moore to third Francisco Lópes to second Runner from 3rd tries for Home, SAFE, no throw or cutoff
|
Batting: RHB Chris Parker
|
0-0: Called Strike 0-1: Ball 1-1: Ball 2-1: Grounds into double play, U6-3 (Groundball, 6)
|
Bottom of the 8th over - 2 run(s), 3 hit(s), 0 error(s), 1 left on base; Jasper 6 - Seattle 5 |
TOP OF THE 9TH |
Jasper Cougars batting - Pitching for Seattle Rainiers : RHP César Rodríguez
|
Pitching: RHP Jim Thompson
|
|
Now at 2B: Jorge Montoya
|
|
Batting: RHB Joe Baker
|
0-0: Foul Ball, location: 2F 0-1: Ball 1-1: Ground out 6-3 (Groundball, 6)
|
Batting: RHB Greg King
|
0-0: Called Strike 0-1: Called Strike 0-2: Ball 1-2: Ball 2-2: Foul Ball, location: 2F 2-2: Ground out 6-3 (Groundball, 6)
|
Batting: RHB Dan Hooper
|
0-0: Ball 1-0: Ball 2-0: Called Strike 2-1: Fly out, F5 (Popup, 56)
|
Top of the 9th over - 0 run(s), 0 hit(s), 0 error(s), 0 left on base; Jasper 6 - Seattle 5 |
BOTTOM OF THE 9TH |
Seattle Rainiers batting - Pitching for Jasper Cougars : RHP José Orozco
|
Pitching: RHP Brandon Williams
|
|
Batting: SHB Glenn Vadnais
|
0-0: Ball 1-0: Ball 2-0: Ball 3-0: Swinging Strike 3-1: Foul Ball, location: 2F 3-2: Strikes out swinging
|
Batting: LHB Norbert Mosley
|
0-0: Ball 1-0: Ball 2-0: Ground out 4-3 (Groundball, 4M)
|
Pinch Hitting: LHB Tony Rivera
|
0-0: Called Strike 0-1: Foul Ball, location: 2F 0-2: Ball 1-2: Foul Ball, location: 2F 1-2: Fly out, F9 (Flyball, 89M)
|
Bottom of the 9th over - 0 run(s), 0 hit(s), 0 error(s), 0 left on base; Jasper 6 - Seattle 5 |
|